 Dungeon Crawl Stone Soup version 0.24-a0-176-gc3651c4 (webtiles) character file.

Game seed: 1429140552748445141

13 tilp the Cudgeler (level 2, -2/24 HPs)
             Began as a Demonspawn Chaos Knight on Mar 12, 2019.
             Was a Plaything of Xom.
             Slain by a hornet (shapeshifter) (15 damage)
             ... on level 1 of the Dungeon.
             The game lasted 00:00:58 (263 turns).

tilp the Cudgeler (Demonspawn Chaos Knight)          Turns: 263, Time: 00:01:00

Health: -2/24      AC:  5    Str: 12    XL:     2   Next: 24%
Magic:  2/2        EV: 11    Int: 13    God:    Xom [*.....]
Gold:   4          SH:  0    Dex: 12    Spells: 1/1 levels left

rFire    . . .     SeeInvis .   a - +0 mace (chaos)
rCold    . . .     Gourm    .   (no shield)
rNeg     . . .     Faith    .   b - +2 leather armour
rPois    .         Spirit   .   (helmet restricted)
rElec    .         Reflect  .   (no cloak)
rCorr    .         Harm     .   (no gloves)
MR       .....                  (no boots)
Stlth    +.........             (no amulet)
HPRegen  0.08/turn              (no ring)
MPRegen  0.08/turn              (no ring)

@: no status effects
A: antennae 1
a: Renounce Religion


You were on level 1 of the Dungeon.
You worshipped Xom.
You were a special plaything of Xom.
You were not hungry.

You visited 1 branch of the dungeon, and saw 1 of its levels.

You collected 4 gold pieces.

Inventory:

Hand Weapons
 a - a +0 mace of chaos (weapon)
Missiles
 e - 3 stones (quivered)
Armour
 b - a +2 leather armour (worn)
Scrolls
 d - a scroll of remove curse {unknown}
Comestibles
 c - a ration
 f - 6 chunks of flesh


   Skills:
 - Level 3.0 Fighting
 + Level 3.4 Maces & Flails
 - Level 1.7 Armour
 - Level 0.8 Dodging


You had one spell level left.
You didn't know any spells.
Your spell library was empty.

Dungeon Overview and Level Annotations

Branches:
Dungeon (1/15)

Altars:


Innate Abilities, Weirdness & Mutations

You have a pair of small antennae on your head.


Message History

You closely miss the rat.
The rat is severely wounded.
The leopard gecko bites you but does no damage.
The rat bites you.
You hit the rat.
You kill the rat!
The leopard gecko bites you but does no damage.
The leopard gecko barely misses you.
You closely miss the leopard gecko. The leopard gecko bites you.
You are too injured to fight recklessly!
You hit the leopard gecko.
The leopard gecko appears confused.
The leopard gecko is lightly wounded. "This might be better!"
The leopard gecko changes into a shapeshifter!
The shapeshifter changes into a hornet!
A rat comes into view.
You hit the hornet but do no damage. The hornet stings you!
Ouch! That really hurt!
You die...
Xom titters!

........####)##'########
.........# #.##.........
.........# #.###########
.........# #.# #######
.......Z.# #.# ##≈≈≈≈≈≈
.........# #.# ##≈≈≈≈≈≈≈
.........# #.# #≈≈≈≈≈≈≈≈
.........###.# ≈≈≈8≈≈≈≈≈
.......@y.# ≈≈≈≈≈≈≈≈≈
########†......≈≈≈≈...≈≈
%.......≈≈.≈≈≈.≈
......#≈..≈≈≈≈.>
......#≈≈≈≈≈≈≈<.
......#≈≈≈≈≈≈≈≈.
......#≈≈≈≈≈≈≈≈≈
##r#+##≈≈≈≈≈≈≈≈≈
≈≈≈8≈≈≈≈≈


You could see a hornet shaped shifter, a rat and a friendly kobold zombie.

Vanquished Creatures
  2 goblins (D:1)
  A hobgoblin (D:1)
  A bat (D:1)
  A frilled lizard (D:1)
  4 kobolds (D:1)
  4 rats (D:1)
13 creatures vanquished.

Notes
Turn   | Place    | Note
-------+----------+-------------------------------------------
     0 | D:1      | tilp the Demonspawn Chaos Knight began the quest for the
                  | Orb.
     0 | D:1      | Reached XP level 1. HP: 18/18 MP: 1/1
   128 | D:1      | Gained mutation: You have a pair of small antennae on your
                  | head. [demonic ancestry]
   128 | D:1      | Reached XP level 2. HP: 13/24 MP: 2/2
   216 | D:1      | XOM: divination: detect items
   258 | D:1      | XOM: noise
   262 | D:1      | Noticed a shapeshifter
   262 | D:1      | a leopard gecko changed into a shapeshifter
   262 | D:1      | XOM: polymorph leopard gecko -> shapeshifter
   262 | D:1      | Noticed a hornet
   262 | D:1      | a shapeshifter changed into a hornet
   263 | D:1      | Slain by a hornet (shapeshifter)

Levels and vault maps discovered:
D:1:      nzn_arrival_water_spiral, layout_basic, chequers_serial_rivers_marsh

Skill      XL: |  1 |
---------------+----+-----
Maces & Flails | 3 |  3.4
Fighting       | |  3.0
Armour         | |  1.7
Dodging        | |  0.8

Action                   || total
-------------------------++-------
Melee: Mace              ||    43
Armor: Leather armour    ||    20
Dodge: Dodged            ||    30

Table legend:
 A = Non-vault XP
 B = Vault XP
 C = Vault XP percentage of total XP
 D = Non-vault monster count
 E = Vault monster count
 F = Vault count percentage of total count
                 A         B        C        D         E       F
            +---------+---------+-------+---------+---------+-------
      Total |      19 |       0 |   0.0 |      13 |       0 |   0.0
            +---------+---------+-------+---------+---------+-------
        D:1 |      19 |       0 |   0.0 |      13 |       0 |   0.0
            +---------+---------+-------+---------+---------+-------
